cohdb
Replays
Latest Replays
All Replays
Popular Replays
Top Player Replays
Match Explorer
How It Works
Community
CoH3 Stats
Reddit
Sign in to upload your games and track your stats! →
Sign in with Steam
Match 38042530
Unlisted
Match 38042530
Overview
Messages
Build Orders
End
Kradschützen Motorcycle Team
Panzergrenadier Squad
Selects Armored Support Battlegroup
250 Light Carrier
Panzergrenadier Squad
Construct Light Support Kompanie
Selects Superior Fire Drills
Fire Support Elements
Assault Grenadier Squad
Flakvierling Half-track
Panzergrenadier Squad
Selects Salvage Kits
Pak 38 Anti-tank Gun Team
Aprosarmosto
Buskudar
0
0
Comments
sign in to comment!
No comments posted yet!